 Dungeon Crawl Stone Soup version 0.29-a0-813-g4a14ea37d6 (webtiles) character file.

Game seed: 1769738403026843613

102 avis the Chiller (level 4, -1/38 HPs)
             Began as a Demigod Ice Elementalist on July 5, 2022.
             Slain by an ufetubus (3 damage)
             ... on level 3 of the Dungeon.
             The game lasted 00:16:17 (3734 turns).

avis the Chiller (Demigod Ice Elementalist)         Turns: 3734, Time: 00:16:19

Health: -1/38      AC:  9    Str:  9    XL:     4   Next: 26%
Magic:  6/9        EV: 12    Int: 17    God:
Gold:   186        SH:  4    Dex: 18    Spells: 3/7 levels left

rFire   . . .      SeeInvis .   a - +5 dagger "Loebb" {drain, rPois rC+}
rCold   + . .      Faith    .   m - +0 buckler
rNeg    . . .      Spirit   .   i - +0 robe
rPois   +          Reflect  .   c - +0 helmet
rElec   .          Harm     .   (no cloak)
rCorr   .          Rampage  .   (no gloves)
Will    .....                   (no boots)
Stlth   ++........              (no amulet)
HPRegen 0.12/turn               (no ring)
MPRegen 0.11/turn               (no ring)

@: ice-armoured
A: high MP 1, forlorn, divine attributes
a: no special abilities


You were on level 3 of the Dungeon.
You visited 1 branch of the dungeon, and saw 4 of its levels.

You collected 186 gold pieces.

Inventory:

Hand Weapons
 a - the +5 dagger "Loebb" (weapon) {drain, rPois rC+}
   (You found it on level 3 of the Dungeon)

   A truly terrible weapon, it drains the life of any living foe it strikes.
   rC:        It protects you from cold.
   rPois:     It protects you from poison.
 b - a +0 sling
 p - a +0 short sword
 x - a +0 dagger of speed
 A - a +0 dagger of draining
Missiles
 u - 16 poisoned darts
Armour
 c - a +0 helmet (worn)
 i - a +0 robe (worn)
 m - a +0 buckler (worn)
Magical Staves
 B - a staff of fire
Jewellery
 t - a +6 ring of intelligence
Scrolls
 d - 2 scrolls of brand weapon {unknown}
 g - a scroll of enchant armour {unknown}
 h - 2 scrolls of identify {unknown}
 j - a scroll of immolation {unknown}
 k - a scroll of noise {unknown}
 l - a scroll of vulnerability {unknown}
 r - a scroll of magic mapping {unknown}
 y - a scroll of teleportation {unknown}
Potions
 e - a potion of haste {unknown}
 f - a potion of ambrosia {unknown}
 n - 2 potions of invisibility {unknown}
 o - a potion of magic
 q - 2 potions of attraction {unknown}
 s - a potion of curing {unknown}
 v - a potion of resistance {unknown}
 w - a potion of heal wounds {unknown}
 z - 2 potions of lignification {unknown}


   Skills:
 - Level 3.0 Fighting
 * Level 1.9 Ranged Weapons
 - Level 1.7 Dodging
 - Level 1.7 Stealth
 - Level 2.0 Spellcasting
 - Level 3.6 Ice Magic


You had 3 spell levels left.
You knew the following spells:

 Your Spells              Type           Power      Damage    Failure   Level
a - Freeze                Ice            52%        1d7       6%          1
o - Ozocubu's Armour      Ice            13%        N/A       19%         3

Your spell library contained the following spells:

 Spells                   Type           Power      Damage    Failure   Level
 Frozen Ramparts          Ice            26%        1d4       19%         3
 Blink                    Tloc           2%         N/A       36%         2
 Hailstorm                Conj/Ice       7%         3d4       77%         4
 Manifold Assault         Tloc           1%         N/A       100%        5
 Storm Form               Tmut/Air       0%         N/A       100%        7


Dungeon Overview and Level Annotations

Branches:
Dungeon (4/15)
 Temple: D:4-7


Innate Abilities, Weirdness & Mutations

You have an increased reservoir of magic. (+10% MP)
You shall have no god before yourself.
Your divine heritage dramatically boosts your attributes as you level up.


Message History

There is a stone staircase leading up here.
You climb upwards.
There is a stone staircase leading down here.
There is a stone staircase leading down here.
You climb downwards.
You hear the sound of rushing water.
There is an entrance to a sewer on this level.
Hurry and find it before the portal rusts away!
Found a stone staircase leading down.
There is a stone staircase leading up here.
You sense an unholy aura.
a - the +5 dagger "Loebb" (weapon)
{drain, rPois rC+} The helpless ufetubus fails to defend itself.
You puncture the ufetubus!
The ufetubus is almost dead.
The ogre shouts!
The orc shouts!
The ufetubus closely misses you. The ufetubus barely misses you.
The ufetubus misses you. The ufetubus hits you.
You block the ufetubus's attack. The ufetubus closely misses you.
The ogre hits you with a +0 giant club!!
Ouch! That really hurt!
You climb upwards.
There is a stone staircase leading down here.
Casting: Freeze (safe; 6% risk of failure)
Confirm with . or Enter, or press ? or * to list all spells.
The spell is quite dangerous to miscast (19% risk of failure)!
Continue anyway?
A film of ice covers your body! The ufetubus completely misses you.
You block the ufetubus's attack.
You hit the ogre. You drain the ogre.
The ogre is moderately wounded.
You block the ufetubus's attack. The ufetubus misses you.
The ogre barely misses you. The ufetubus barely misses you.
The ufetubus misses you.
You hit the ogre. You drain the ogre.
The ogre is severely wounded.
You block the ufetubus's attack. The ufetubus hits you.
The ogre hits you with a +0 giant club!
* * * LOW HITPOINT WARNING * * *
The ufetubus hits you but does no damage.
The ufetubus hits you.
You die...

...##### #.#.# ##.#
#.#†# ...# #.#.#
#################.#.#
..................#.#
###################.#
#.........# #.#
#.#######.#########.#
#.# #......O@5..# #.#
############# #.# #.#
#.# ####### #.#
#.#...# #.####.#.#.#
#........#.#
######.#.#.#


You could see an ogre (very drained) and an ufetubus.

Vanquished Creatures
  3 adders
  2 worms
  2 dart slugs (D:1)
  An orc (D:3)
  4 bats
  6 endoplasms
  3 giant cockroaches
  10 goblins
  7 hobgoblins
  3 jackals (D:3)
  4 kobolds
  3 quokkas
  5 ball pythons
  4 frilled lizards
  3 rats
60 creatures vanquished.

Notes
Turn   | Place    | Note
-------+----------+-------------------------------------------
     0 | D:1      | avis the Demigod Ice Elementalist began the quest for the
                  | Orb.
     0 | D:1      | Reached XP level 1. HP: 14/14 MP: 5/5
   176 | D:1      | Reached skill level 1 in Fighting
   305 | D:1      | Reached XP level 2. HP: 17/23 MP: 2/7
  1360 | D:2      | Reached XP level 3. HP: 25/30 MP: 3/8
  1411 | D:2      | Learned a level 3 spell: Ozocubu's Armour
  1756 | D:2      | Reached skill level 1 in Ranged Weapons
  2578 | D:3      | Reached XP level 4. HP: 38/38 MP: 7/9
  2670 | D:3      | Identified the +5 dagger "Loebb" {drain, rPois rC+}
  3727 | D:4      | Noticed an ogre
  3734 | D:3      | Slain by an ufetubus

Illustrated notes

Levels and vault maps discovered:
D:1:      dpeg_arrival_stonehenge_8_columns, layout_basic
D:2:      layout_loops_corners, shapermc_ecumenical_altar_starsandcircs,
          minmay_pentomino_v4
D:3:      layout_basic, dk_vineyard_2, minmay_misc_feat_tower,
          minmay_misc_feat_rugged
D:4:      layout_loops_ring, portal_sewer_entry_d, grunt_decor_one_mirror

Skill      XL: |  1  2  3  4 |
---------------+-------------+-----
Fighting       | 1 2 3 |  3.0
Ranged Weapons | 1 |  1.9
Spellcasting   | 2 |  2.0
Dodging        | |  1.7
Stealth        | |  1.7
Ice Magic      | |  3.6

Action                   |  1- 3 |  4- 6 || total
-------------------------+-------+-------++-------
Melee: Unarmed           |     2 |       ||     2
       Dagger            |     1 |     3 ||     4
 Fire: Sling             |    44 |    18 ||    62
 Cast: Freeze            |    54 |     3 ||    57
       Ozocubu's Armour  |     2 |     1 ||     3
 Stab: Sleeping          |     2 |     1 ||     3
Armor: Robe              |     7 |     1 ||     8
Dodge: Dodged            |    14 |     9 ||    23
Block: Buckler           |     2 |     4 ||     6

Table legend: (Time is in decaauts)
 A = Elapsed time spent in this place.
 B = Non-inter-level travel time spent in this place.
 C = Inter-level travel time spent in this place.
 D = Time resting spent in this place.
 E = Time spent auto-exploring this place.
 F = Levels seen in this place.
 G = Mean time per level.
                   A        B        C        D        E       F      G
               +--------+--------+--------+--------+--------+-----+--------+
         Total |   3756 |   3427 |    329 |    699 |   2176 |   4 |  939.0 |
       Dungeon |   3756 |   3427 |    329 |    699 |   2176 |   4 |  939.0 |
               +--------+--------+--------+--------+--------+-----+--------+

Top non-repeatable levels by time:
     D:3: 1489 daAuts
     D:1: 1197 daAuts
     D:2: 1064 daAuts
     D:4: 5 daAuts
